 Dungeon Crawl Stone Soup version 0.17-a0-1941-gcc30b76 (webtiles) character file.

129 EuServersOMG the Firebug (level 4, -3/24 HPs)
             Began as a Deep Elf Fire Elementalist on Sept 30, 2015.
             Slain by a scorpion (4 damage)
             ... on level 4 of the Dungeon.
             The game lasted 00:06:16 (2558 turns).

EuServersOMG the Firebug (DEFE)                     Turns: 2558, Time: 00:06:16

Health: -3/24      AC:  4    Str:  5    XL:     4   Next: 88%
Magic:  5/10       EV: 13    Int: 21    God:
Gold:   142        SH:  0    Dex: 15    Spells: 2 memorised, 6 levels left

rFire  . . .     SeeInvis .     t - +2 war axe (freeze)
rCold  . . .     Clarity  .     a - +0 robe
rNeg   + . .     SustAt   .     (no shield)
rPois  .         Gourm    .     w - +0 helmet
rElec  .         Spirit   .     y - +0 cloak (curse)
rCorr  .         Warding  .     (no gloves)
rMut   .         Stasis   .     (no boots)
MR     .....                    (no amulet)
Stlth  ++........               (no ring)
                                p - ring of positive energy

@: lethally poisoned (-3 -> -19), not resistant to hostile enchantments,
unstealthy
A: no striking features
a: no special abilities


You were on level 4 of the Dungeon.
You were hungry.

You visited 1 branch of the dungeon, and saw 4 of its levels.

You collected 142 gold pieces.

Inventory:

Hand weapons
 t - a +2 war axe of freezing (weapon)
Armour
 a - a +0 robe (worn)
 w - a +0 helmet (worn)
 y - a cursed +0 cloak (worn)
Jewellery
 p - a ring of positive energy (left hand)
Scrolls
 e - 2 scrolls of teleportation {unknown}
 h - a scroll of enchant armour {unknown}
 i - a scroll of enchant weapon {unknown}
 j - a scroll of blinking {unknown}
 k - a scroll of amnesia {unknown}
 m - 3 scrolls of identify {unknown}
Potions
 d - a potion of agility {unknown}
 f - a potion of mutation {unknown}
 g - 3 potions of magic {unknown}
 l - a potion of curing {unknown}
 n - 2 potions of heal wounds {unknown}
 o - a potion of resistance {unknown}
 v - a potion of beneficial mutation {unknown}
Books
 b - a book of Flames

   Spells                             Type                      Level
   a - Flame Tongue                   Conjuration/Fire             1
   b - Throw Flame                    Conjuration/Fire             2
   c - Conjure Flame                  Conjuration/Fire             3
   d - Inner Flame                    Hexes/Fire                   3
   e - Sticky Flame                   Conjuration/Fire             4
   f - Fireball                       Conjuration/Fire             5
Comestibles
 c - 2 bread rations
 q - a slice of pizza
 r - 3 fruits
 u - a meat ration
 x - a royal jelly


   Skills:
 - Level 2.4 Dodging
 - Level 2.4 Stealth
 - Level 3.0 Spellcasting
 - Level 1.1 Conjurations
 + Level 6.2 Fire Magic


You had 6 spell levels left.
You knew the following spells:

 Your Spells              Type           Power        Failure   Level  Hunger
a - Flame Tongue          Conj/Fire      ###..        3%          1    None
b - Throw Flame           Conj/Fire      ###...       6%          2    ##.....


Dungeon Overview and Level Annotations

Branches:
Dungeon (4/15)
 Temple: D:4-7

Altars:

Annotations:
D:2 Sigmund


Message History

The scorpion is heavily wounded.
You feel sick. The scorpion stings you.
You are more poisoned.
The scorpion poisons you!
You hit the scorpion but do no damage.
The scorpion is heavily wounded.
* * * LOW HITPOINT WARNING * * *
You feel sick. The scorpion stings you.
* * * LOW HITPOINT WARNING * * *
The scorpion closely misses you.
Casting: Throw Flame
Confirm with . or Enter, or press ? or * to list all spells.
Aiming: Flame Tongue
Press: ? - help, Shift-Dir - straight line, f - scorpion
Aim: a scorpion (heavily wounded)
The flame tongue hits the scorpion.
The scorpion is heavily wounded.
* * * LOW HITPOINT WARNING * * *
You feel sick. The scorpion stings you.
You die...

...... #.
##### ......
#.
##...##......
#.
#...(........
#.
#..........
#. #.......#
### #.......#
###..
#.......#
#.$..
#..@....#
#.#.#
#.s.....#
....#
+.......#
.....
#.......#
.##..
###+##### #..
.... ....
.....


You could see a scorpion.

Vanquished Creatures
  Crazy Yiuf (D:2)
  A killer bee zombie (D:3)
  4 adders (D:2)
  2 oozes
  A worm (D:2)
  A giant gecko (D:2)
  3 bats
  5 giant cockroaches
  3 goblins
  5 hobgoblins
  A quokka (D:2)
  5 kobolds
  5 rats
37 creatures vanquished.

Notes
Turn   | Place    | Note
--------------------------------------------------------------
     0 | D:1      | EuServersOMG the Deep Elf Fire Elementalist began the quest for the Orb.
     0 | D:1      | Reached XP level 1. HP: 10/10 MP: 6/6
   311 | D:1      | Reached skill level 4 in Fire Magic
   311 | D:1      | Reached XP level 2. HP: 15/15 MP: 6/8
   320 | D:1      | Learned a level 2 spell: Throw Flame
  1194 | D:2      | Reached XP level 3. HP: 19/19 MP: 3/9
  1449 | D:2      | Reached skill level 5 in Fire Magic
  1800 | D:2      | Reached XP level 4. HP: 24/24 MP: 1/10
  2180 | D:2      | Noticed Crazy Yiuf
  2185 | D:2      | Killed Crazy Yiuf
  2308 | D:2      | Noticed Sigmund
  2387 | D:3      | Reached skill level 6 in Fire Magic
  2538 | D:3      | You fall through a shaft!
  2538 | D:4      | Noticed an ogre
  2558 | D:4      | HP: 1/24 [poisoned by a scorpion]
  2558 | D:4      | Slain by a scorpion

Vault maps used:
D:1:      saegor_arrival_simple_b
D:2:      uniq_crazy_yiuf_cottage, uniq_sigmund
D:3:      first_bread, kennysheep_generic_room_2
D:4:      kennysheep_six_static_rooms

Action                   |  1- 3 |  4- 6 || total
-------------------------+-------+-------++-------
Melee: War axe           |    14 |     4 ||    18
 Cast: Flame Tongue      |    15 |     7 ||    22
       Throw Flame       |    27 |    23 ||    50
 Stab: Sleeping          |     2 |     1 ||     3
  Eat: Chunk             |     4 |     2 ||     6
